 Dungeon Crawl Stone Soup version 0.14-a0-1721-g84c87b2 (webtiles) character file.

187 Mitsuki the Changer (level 4, 0/32 HPs)
             Began as a Merfolk Transmuter on Jan 2, 2014.
             Slain by Grinder (6 damage)
             ... while paralysed by Grinder
             ... on Level 3 of the Dungeon.
             The game lasted 00:13:06 (2472 turns).

Mitsuki the Changer (Merfolk Transmuter)            Turns: 2472, Time: 00:13:06

HP   0/32        AC  2     Str 10      XL: 4   Next: 89%
MP   6/8         EV  2     Int 13      God:
Gold 78          SH  0     Dex 14      Spells:  3 memorised,  2 levels left

rFire  + . .     SeeInvis .       - Unarmed
rCold  . . .     Clarity  .     c - +0 robe
rNeg   . . .     Conserve .     (no shield)
rPois  .         rCorr    .     (no helmet)
rElec  .         rRot     .     (no cloak)
SustAb . .       Spirit   .     (no gloves)
rMut   .         Warding  .     (no boots)
Saprov . . .     Stasis   .     (no amulet)
                                (no ring)
                                i - ring of protection from fire

@: paralysed, slightly resistant to hostile enchantments, unstealthy
A: change form in water, swift swim
a: no special abilities


You were on level 3 of the Dungeon.
You were hungry.

You visited 1 branch of the dungeon, and saw 3 of its levels.

You collected 78 gold pieces.

Inventory:

Missiles
 b - 31 arrows
Armour
 c - a +0 robe (worn)
Comestibles
 f - 2 chunks of orc flesh
Scrolls
 a - a scroll of enchant weapon II {unknown}
 e - a scroll of curse armour {unknown}
 j - a scroll of blinking {unknown}
 k - a scroll of magic mapping {unknown}
 m - a scroll of fear {unknown}
 n - a scroll of curse jewellery {unknown}
Jewellery
 i - a ring of protection from fire (left hand)
Potions
 g - a potion of resistance
Books
 d - a book of Changes

   Spells                             Type                      Level
   *Beastly Appendage                 Transmutation                1
   *Sticks to Snakes                  Transmutation                2
   *Spider Form                       Transmutation/Poison         3
   Ice Form                           Ice/Transmutation            4
   Blade Hands                        Transmutation                5


   Skills:
 - Level 1.1 Fighting
 - Level 3.1 Dodging
 - Level 0.2 Stealth
 - Level 4.0 Unarmed Combat
 - Level 2.5 Spellcasting
 + Level 4.9 Transmutations
 - Level 0.2 Poison Magic


You had 2 spell levels left.
You knew the following spells:

 Your Spells              Type           Power        Failure   Level  Hunger
a - Beastly Appendage     Trmt           ##....       3%          1    #......
b - Sticks to Snakes      Trmt           ##........   6%          2    ###....
c - Spider Form           Trmt/Pois      #.........   28%         3    ####...


Dungeon Overview and Level Annotations

Branches:
Dungeon (3/16)

Altars:
Okawaru

Annotations:
D:3 Grinder


Message History

You hit the kobold.
You kill the kobold!
No target in view!
Things that are here:
a short sword; 3 darts of frost Grinder is too close now for your liking.
Grinder zaps a wand.
The magic dart hits you!
Found 12 poisoned needles.
You barely miss Grinder.
Grinder zaps a wand.
The magic dart hits you!
You hit Grinder.
Grinder is lightly wounded.
Your transformation has ended.
You fall off the wall.
Your +0 robe unmelds from your body.
Grinder barely misses you. Grinder gestures at you.
You suddenly lose the ability to move!
Grinder zaps a wand.
The magic dart hits you!
* * * LOW HITPOINT WARNING * * *
Grinder hits you.
You die...

#....# #....# #....#
#....# #....# #....#
#....# #5...#
################@...#.#
......(....).)........#
#################...<.#
.....# .....# .....#
(#### ##


You could see Grinder.

Vanquished Creatures
  An orc priest (D:3)
  3 adders (D:2)
  A worm (D:2)
  A giant gecko (D:2)
  An ooze (D:2)
  2 orcs (D:3)
  3 ball pythons
  A giant cockroach (D:2)
  6 goblins
  3 hobgoblins (D:2)
  12 kobolds
  8 bats
  2 giant newts
  3 jackals (D:2)
  3 rats
50 creatures vanquished.

Vanquished Creatures (collateral kills)
  A hobgoblin (D:2)
1 creature vanquished.

Grand Total: 51 creatures vanquished

Notes
Turn   | Place    | Note
--------------------------------------------------------------
     0 | D:1      | Mitsuki, the Merfolk Transmuter, began the quest for the Orb.
     0 | D:1      | Reached XP level 1. HP: 15/15 MP: 3/3
   152 | D:1      | Reached XP level 2. HP: 1/21 MP: 2/4
  1238 | D:2      | Learned a level 2 spell: Sticks to Snakes
  1251 | D:2      | Reached XP level 3. HP: 26/26 MP: 1/6
  1326 | D:2      | Reached skill level 4 in Unarmed Combat
  1331 | D:2      | Learned a level 3 spell: Spider Form
  1621 | D:2      | Reached XP level 4. HP: 30/32 MP: 5/8
  2241 | D:3      | Found an iron altar of Okawaru.
  2452 | D:3      | Noticed Grinder
  2469 | D:3      | Paralysed by Grinder for 4 turns
  2472 | D:3      | Slain by Grinder

Action                   |  1- 3 |  4- 6 || total
-------------------------+-------+-------++-------
Melee: Unarmed           |    84 |    69 ||   153
 Cast: Beastly Appendage |    12 |       ||    12
       Sticks to Snakes  |     2 |       ||     2
       Spider Form       |     2 |     7 ||     9
  Use: Scroll            |     2 |       ||     2
       Potion            |     5 |       ||     5
